 Dungeon Crawl Stone Soup version 0.31-a0-174-g85c54bcb58 (webtiles) character file.

Game seed: 13898719002720943850

161 qw the Shooter (level 5, -8/49 HPs)
             Began as a Naga Hunter on June 15, 2023.
             Mangled by a gnoll
             ... wielding a +0 halberd
              (12 damage)
             ... on level 6 of the Dungeon.
             The game lasted 00:00:35 (1435 turns).

qw the Shooter (Naga Hunter)                        Turns: 1435, Time: 00:00:35

Health: -8/49      AC:  3    Str: 19    XL:     5   Next: 42%
Magic:  5/5        EV:  9    Int:  9    God:
Gold:   173        SH:  0    Dex: 17    Spells: 4/4 levels left

rFire   . . .        Y - +0 shortbow (drain)
rCold   . . .        (shield currently unavailable)
rNeg    . . .        c - +0 leather armour
rPois   +            (no helmet)
rElec   .            (no cloak)
rCorr   .            (no gloves)
SInv    +            (no barding)
Will    .....        (no amulet)
Stlth   ++           a - +6 ring of strength
HPRegen 0.28/turn    (no ring)
MPRegen 0.09/turn

%: no passive effects
@: short of breath, very slow
A: AC +1, large, see invisible, deformed body, poison resistance, slowness 2,
spit poison 1, naga tail 1
a: Spit Poison


You were on level 6 of the Dungeon.
You visited 1 branch of the dungeon, and saw 4 of its levels.

You collected 173 gold pieces.


Innate Abilities, Weirdness & Mutations

Your serpentine skin is tough. (AC +1)
You have supernaturally acute eyesight. (SInv)
Armour fits poorly on your strangely shaped body.
Your system is resistant to poisons. (rPois)
You cover ground very slowly.
You can spit poison.
You have a snake-like lower body.


   Skills:
 - Level 3.4 Fighting
 + Level 5.3 Ranged Weapons
 - Level 1.5 Dodging
 - Level 1.5 Stealth


You had 4 spell levels left.
You didn't know any spells.
Your spell library was empty.

Inventory:

Hand Weapons
 Y - a +0 shortbow of draining (weapon)
Armour
 c - a +0 leather armour (worn)
 d - the +2 pair of gloves of Majestic Curiosity {-Tele rElec rPois Will-}
   (You acquired it on level 1 of the Dungeon)

   rElec:     It insulates you from electricity.
   rPois:     It protects you from poison.
   -Tele:     It prevents most forms of teleportation.
   Will:      It decreases your willpower.
Jewellery
 a - a +6 ring of strength (left hand)
Potions
 b - a potion of mutation {unknown}
 e - a potion of attraction {unknown}
 h - a potion of brilliance {unknown}
 j - a potion of curing

Dungeon Overview and Level Annotations

Branches:
Dungeon (3/15)

Altars:


Message History

The gnoll is heavily wounded.
The gnoll closely misses you.
A gnoll comes into view. It is wielding a +0 club.
You shoot an arrow.
The arrow hits the gnoll but does no damage.
The gnoll is heavily wounded.
You have got your breath back.
You hear a shout!
The adder bites you.
The gnoll hits you with a +1 vampiric whip.
A gnoll comes into view. It is wielding a +0 spear.
The adder bites you.
1431 ||| INVOKING Spit Poison.
Aiming: Spit Poison (1% risk of failure)
Press: ? - help, Shift-Dir - straight line, f/p - gnoll The splash of poison hits the gnoll.
The gnoll is poisoned.
The gnoll is heavily wounded.
The gnoll misses you. The gnoll closely misses you.
The adder barely misses you.
You shoot an arrow. The arrow closely misses the gnoll.
The arrow hits the gnoll but does no damage.
The gnoll closely misses you.
A gnoll comes into view. It is wielding a +0 halberd.
The gnoll hits you from afar with a +0 spear.
The adder closely misses you.
The gnoll hits you from afar with a +0 spear.
You shoot an arrow. The arrow hits the gnoll.
The gnoll is moderately wounded.
The adder barely misses you. x2; The gnoll closely misses you.
The gnoll hits you from afar with a +0 spear.
You shoot an arrow. The arrow hits the gnoll!
You kill the gnoll!
The adder bites you but does no damage.
The gnoll hits you from afar with a +0 spear.
The gnoll hits you from afar with a +0 halberd!
You shoot an arrow. The arrow barely misses the gnoll.
The gnoll looks more healthy.
The adder bites you but does no damage. The gnoll misses you.
The gnoll hits you from afar with a +0 spear.
The gnoll hits you from afar with a +0 halberd!
You die...

## ###
.#####. ..#
.......
#.#### #....
#....#
#..gS###..#
#...g@...?#
#..g####....#
#.# ###### #


You could see 3 gnolls and an adder.

Vanquished Creatures
  A bullfrog (D:6)
  A hound (D:6)
  An adder (D:2)
  A gnoll (D:6)
  2 endoplasms
  2 giant cockroaches
  6 goblins
  4 hobgoblins
  4 kobolds
  5 quokkas
  3 ball pythons
  4 bats
  6 frilled lizards
  6 rats (D:1)
46 creatures vanquished.

Notes
Turn   | Place    | Note
-------+----------+-------------------------------------------
     0 | D:1      | qw the Naga Hunter began the quest for the Orb.
     0 | D:1      | Reached XP level 1. HP: 19/19 MP: 1/1
     0 | D:1      | 0 ||| qw: Version: 0.2-a-29-g511e9b1
     0 | D:1      | 0 ||| qw: Game counter: 5318
     0 | D:1      | 0 ||| qw: Always use a shield: true
     0 | D:1      | 0 ||| qw: God list: Okawaru
     0 | D:1      | 0 ||| qw: Allow faded altars: false
     0 | D:1      | 0 ||| qw: Do Orc after D:15 true
     0 | D:1      | 0 ||| qw: Do second Lair branch before Depths: true
     0 | D:1      | 0 ||| qw: Lair rune preference: random
     0 | D:1      | 0 ||| qw: Plans: Normal
     0 | D:1      | 0 ||| PLANNING D:1-11
   122 | D:1      | 122 ||| INVOKING Spit Poison.
   134 | D:1      | 134 ||| INVOKING Spit Poison.
   136 | D:1      | Reached skill level 4 in Ranged Weapons
   136 | D:1      | Reached XP level 2. HP: 26/26 MP: 2/2
   147 | D:1      | 147 ||| INVOKING Spit Poison.
   187 | D:1      | 187 ||| INVOKING Spit Poison.
   308 | D:1      | 308 ||| INVOKING Spit Poison.
   332 | D:1      | 332 ||| INVOKING Spit Poison.
   338 | D:1      | 338 ||| INVOKING Spit Poison.
   383 | D:1      | 383 ||| INVOKING Spit Poison.
   387 | D:1      | 387 ||| INVOKING Spit Poison.
   404 | D:1      | 404 ||| INVOKING Spit Poison.
   407 | D:1      | 407 ||| INVOKING Spit Poison.
   422 | D:1      | 422 ||| INVOKING Spit Poison.
   431 | D:1      | 431 ||| INVOKING Spit Poison.
   446 | D:1      | 446 ||| INVOKING Spit Poison.
   450 | D:1      | Reached XP level 3. HP: 31/32 MP: 3/3
   564 | D:1      | 564 ||| INVOKING Spit Poison.
   734 | D:1      | 734 ||| READING scroll labelled ABISASCHOVE.
   735 | D:1      | 735 ||| READING scroll labelled ZECSUN TEUPO.
   736 | D:1      | 736 ||| READING 2 scrolls labelled SIEM YNOGUA.
   736 | D:1      | Identified 2 scrolls of acquirement
   736 | D:1      | 736 ||| ACQUIRING +6 ring of strength
   736 | D:1      | Acquired a +6 ring of strength
   738 | D:1      | 738 ||| UPGRADING to +6 ring of strength.
   739 | D:1      | 739 ||| READING scroll of acquirement.
   739 | D:1      | 739 ||| ACQUIRING +2 pair of gloves of Majestic Curiosity
                  | {-Tele rElec rPois Will-}
   739 | D:1      | Acquired the +2 pair of gloves of Majestic Curiosity {-Tele
                  | rElec rPois Will-}
   741 | D:1      | 741 ||| READING scroll labelled SAUZUA XECKIDGH.
   742 | D:1      | 742 ||| DRINKING 2 bubbling black potions.
   743 | D:1      | 743 ||| DROPPING scroll of butterflies.
   760 | D:2      | 760 ||| INVOKING Spit Poison.
   770 | D:2      | 770 ||| INVOKING Spit Poison.
   786 | D:2      | 786 ||| INVOKING Spit Poison.
   790 | D:2      | 790 ||| INVOKING Spit Poison.
   844 | D:2      | 844 ||| INVOKING Spit Poison.
   863 | D:2      | 863 ||| INVOKING Spit Poison.
   887 | D:2      | 887 ||| INVOKING Spit Poison.
   961 | D:2      | 961 ||| INVOKING Spit Poison.
   995 | D:2      | 995 ||| INVOKING Spit Poison.
  1155 | D:2      | 1155 ||| INVOKING Spit Poison.
  1190 | D:2      | 1190 ||| INVOKING Spit Poison.
  1222 | D:2      | 1222 ||| INVOKING Spit Poison.
  1238 | D:2      | 1238 ||| DROPPING amulet of magic regeneration.
  1239 | D:2      | 1239 ||| DROPPING ring of magical power.
  1240 | D:2      | 1240 ||| READING scroll labelled UGGYOG ODIFIEV.
  1241 | D:2      | 1241 ||| READING scroll labelled KUAROI QOSMETU.
  1242 | D:2      | 1242 ||| READING scroll labelled FIGU CECUN XAI.
  1243 | D:2      | 1243 ||| READING scroll labelled JOINKUI FOLUUR.
  1395 | D:3      | 1395 ||| INVOKING Spit Poison.
  1396 | D:3      | Reached skill level 5 in Ranged Weapons
  1417 | D:3      | You fall into a shaft and drop 3 floors!
  1421 | D:6      | Noticed a bullfrog
  1422 | D:6      | 1422 ||| INVOKING Spit Poison.
  1425 | D:6      | Killed a bullfrog
  1426 | D:6      | Reached skill level 3 in Fighting
  1426 | D:6      | Reached XP level 4. HP: 35/42 MP: 4/4
  1426 | D:6      | Reached XP level 5. HP: 41/49 MP: 5/5
  1427 | D:6      | 1427 ||| INVOKING Spit Poison.
  1431 | D:6      | 1431 ||| INVOKING Spit Poison.
  1434 | D:6      | HP: 8/49 [gnoll/+0 halberd (13)]
  1435 | D:6      | Mangled by a gnoll

Levels and vault maps discovered:
D:1:      dpeg_arrival_castle, layout_basic, minmay_rat_gold_closets
D:2:      layout_rooms, kennysheep_minor_cross, bh_walls_and_bars
D:3:      layout_loops_corners, mainiacjoe_overflow_catwalk, grunt_ministairs_5,
          st_stairs_1, chequers_jeans, minmay_misc_feat_more_columns,
          uniq_natasha, uniq_sigmund
D:6:      layout_basic, mainiacjoe_overflow_alcove_2, serial_shops,
          nicolae_shop_advertising_works [nicolae_subvault_shop_adworks],
          uniq_maggie

Skill      XL: |  1  2  3 |
---------------+----------+-----
Ranged Weapons | 4 5 |  5.3
Fighting       | 3 |  3.4
Dodging        | |  1.5
Stealth        | |  1.5

Action                     |  1- 3 |  4- 6 || total
---------------------------+-------+-------++-------
   Fire: Shortbow          |    69 |     8 ||    77
Ability: Spit Poison       |    29 |     2 ||    31
    Use: Scroll            |     9 |       ||     9
         Potion            |     1 |       ||     1
 Armour: Leather armour    |     5 |     3 ||     8
  Dodge: Dodged            |    12 |    10 ||    22

Table legend:
 A = Non-vault XP
 B = Vault XP
 C = Vault XP percentage of total XP
 D = Non-vault monster count
 E = Vault monster count
 F = Vault count percentage of total count
                 A         B        C        D         E       F
            +---------+---------+-------+---------+---------+-------
      Total |     226 |       5 |   2.2 |      41 |       5 |  10.9
            +---------+---------+-------+---------+---------+-------
        D:1 |      31 |       5 |  13.9 |      21 |       5 |  19.2
        D:2 |      43 |       0 |   0.0 |      16 |       0 |   0.0
        D:3 |       2 |       0 |   0.0 |       1 |       0 |   0.0
        D:6 |     150 |       0 |   0.0 |       3 |       0 |   0.0
            +---------+---------+-------+---------+---------+-------
